 Dungeon Crawl Stone Soup version 0.31-a0-986-g5e6e4ef867 (webtiles) character file.

Game seed: 18180061123452124331

119238 ytrimaz the Metamorph (level 16, -27/175 HPs)
             Began as an Octopode Shapeshifter on Nov 8, 2023.
             Was an Elder of Ashenzari.
             Killed from afar by a deep elf knight (55 damage)
             ... with a shard of ice
             ... on level 1 of the Elven Halls on Nov 9, 2023.
             The game lasted 00:31:40 (24481 turns).

ytrimaz the Metamorph (Octopode Shapeshifter)      Turns: 24481, Time: 00:31:41

Health: -27/175    AC: 25    Str: 29    XL:     16   Next: 79%
Magic:  16/16      EV: 23    Int: 20    God:    Ashenzari [****..]
Gold:   1587       SH:  5    Dex: 24    Spells: 13/15 levels left

rFire   + +          .
                       - Unarmed
rCold   x . .        (shield currently unavailable)
rNeg    . . .        (helmet currently unavailable)
rPois   +            B - amulet "Clairvoyant Negligence" {Reflect SH+5, Cun, Dev} (curse)
rElec   .            f - ring of the Ensconced Inaction {Int+6, Cun, Comp} (curse)
rCorr   +            i - ring of Ashenzari's Optimism {AC+4, Dev, Alch} (curse)
SInv    +            y - ring "Ensconced With Me" {AC+4, Self, Comp} (curse)
Will    +....        A - ring of the Enlightened Gnosis {rCorr, Cun, Comp} (curse)
Stlth   ++++++++     M - ring of Supernal Gnosis {Dex+6, Cun, Melee} (curse)
HPRegen 0.49/turn    N - ring of the Ensconced Augurer {Str+6, Fort, Self} (curse)
MPRegen 0.15/turn    T - ring "At What Cost Knowledge?" {AC+4, Melee, Fort} (curse)
                     (no ring)

%: reflection, clarity
@: dragon-form, flying, slowed, very slow
A: dragon claw, dragon scales, breathe fire, flying, boosted hp, almost no
armour, amphibious, 8 rings, giant, (camouflage 1), (gelatinous body 1), (nimble
swimmer 1), (tentacles)
a: Breathe Fire, Begin Untransformation, Renounce Religion, Curse Item, Shatter
the Chains


You were on level 1 of the Elven Halls.
You worshipped Ashenzari.
Ashenzari was greatly pleased with you.
You were a fearsome dragon!
You visited 5 branches of the dungeon, and saw 24 of its levels.
You also visited: Sewer and Bailey.

You collected 1811 gold pieces.
You spent 224 gold pieces at shops.


Innate Abilities, Weirdness & Mutations

You are a fearsome dragon!
You have a powerful clawing attack.
Your giant scaled body is strong and resilient, but less evasive.
You can breathe fire.
You are flying.
Your maximum health is greatly increased.
Your armour is entirely melded.
You are incapable of wielding weapons or throwing items.
You cannot wear most types of armour.
You are amphibious.
You can wear up to eight rings at the same time.
((Your skin changes colour to match your surroundings (Stealth+).))
((Your rubbery body absorbs attacks. (AC +1, EV +1)))
((You are camouflaged when in or above water. (Stealth+)))
((You have tentacles for arms and can constrict up to eight enemies at once.))


   Skills:
 - Level 10.5(13.2) Fighting
 - Level 15.7(20.0) Dodging
 - Level 15.2(19.5) Stealth
 - Level 12.3(15.0) Unarmed Combat
 + Level 16.1(18.7) Shapeshifting


You had 13 spell levels left.
You knew the following spells:

 Your Spells              Type           Power      Damage    Failure   Level
a - Wereblood             Tmut           1%         N/A       26%         2

Your spell library contained the following spells:

 Spells                   Type           Power      Damage    Failure   Level
 Magic Dart               Conj           0%         1d3       19%         1
 Shock                    Conj/Air       0%         1d3       19%         1
 Call Imp                 Summ           4%         N/A       22%         2
 Sublimation of Blood     Necr           2%         N/A       22%         2
 Cigotuvi's Dreadful Rot  Necr/Pois/Air  2%         N/A       26%         2
 Frozen Ramparts          Ice            0%         1d1       50%         3
 Mephitic Cloud           Conj/Pois/Air  0%         N/A       50%         3
 Tukima's Dance           Hex            0%         N/A       50%         3
 Animate Dead             Necr           2%         N/A       83%         4
 Dispel Undead            Necr           2%         3d7       83%         4
 Petrify                  Tmut/Erth      0%         N/A       87%         4
 Dimensional Bullseye     Hex/Tloc       0%         N/A       88%         4
 Iskenderun's Mystic Bla  Conj/Tloc      0%         2d3       88%         4
 Vhi's Electric Charge    Tloc/Air       0%         N/A       88%         4
 Arcjolt                  Conj/Air       0%         1d10      99%         5
 Freezing Cloud           Conj/Ice/Air   0%         6-21      99%         5
 Iskenderun's Battlesphe  Conj           0%         2d6       99%         5
 Metabolic Englaciation   Hex/Ice        0%         N/A       99%         5
 Bombard                  Conj/Erth      0%         9d1       100%        6
 Conjure Ball Lightning   Conj/Air       0%         3x3d6     100%        6
 Death Channel            Necr           1%         N/A       100%        6
 Haunt                    Necr/Summ      1%         N/A       100%        7
 Spellforged Servitor     Conj/Summ      0%         N/A       100%        7
 Summon Hydra             Summ           1%         N/A       100%        7
 Infestation              Necr           1%         N/A       100%        8
 Lehudib's Crystal Spear  Conj/Erth      0%         10d2      100%        8
 Maxwell's Capacitive Co  Air            0%         ∞         100%        8

Inventory:

Missiles
 s - 2 throwing nets
Jewellery
 f - the cursed ring of the Ensconced Inaction (left foreclaw) {Int+6, Cun, Comp}
   (You found it on level 2 of the Dungeon)

   [ring of intelligence]

   Int+6:     It affects your intelligence (+6).
   It has a curse which improves the following skills: Cunning: Dodging and
   Stealth.
   Companions: Summonings and Necromancy.
 i - the cursed ring of Ashenzari's Optimism (right foreclaw) {AC+4, Dev, Alch}
   (You found it on level 2 of the Dungeon)

   [ring of protection]

   AC+4:      It affects your AC (+4).
   It has a curse which improves the following skills: Devices: Evocations and
   Shapeshifting.
   Alchemy:   Poison Magic and Transmutations.
 x - a ring of flight
   (You found it on level 1 of the Lair of Beasts)
 y - the cursed ring "Ensconced With Me" (on tentacle) {AC+4, Self, Comp}
   (You found it on level 5 of the Dungeon)

   [ring of protection]

   AC+4:      It affects your AC (+4).
   It has a curse which improves the following skills: Introspection: Fighting
   and Spellcasting.
   Companions: Summonings and Necromancy.
 A - the cursed ring of the Enlightened Gnosis (on tentacle) {rCorr, Cun, Comp}
   (You found it on level 6 of the Dungeon)

   [ring of resist corrosion]

   rCorr:     It protects you from acid and corrosion.
   It has a curse which improves the following skills: Cunning: Dodging and
   Stealth.
   Companions: Summonings and Necromancy.
 B - the cursed amulet "Clairvoyant Negligence" (around neck) {Reflect SH+5, Cun, Dev}
   (You found it on level 6 of the Dungeon)

   [amulet of reflection]

   Reflect:   It reflects blocked missile attacks.
   SH+5:      It affects your SH (+5).
   It has a curse which improves the following skills: Cunning: Dodging and
   Stealth.
   Devices:   Evocations and Shapeshifting.
 K - a ring of protection from fire
   (You found it on level 4 of the Lair of Beasts)
 M - the cursed ring of Supernal Gnosis (on tentacle) {Dex+6, Cun, Melee}
   (You found it on level 7 of the Dungeon)

   [ring of dexterity]

   Dex+6:     It affects your dexterity (+6).
   It has a curse which improves the following skills: Cunning: Dodging and
   Stealth.
   Melee Combat: Short Blades, Long Blades, Axes, Maces & Flails, Polearms,
   Staves and Unarmed Combat.
 N - the cursed ring of the Ensconced Augurer (on tentacle) {Str+6, Fort, Self}
   (You took it off an orc on level 8 of the Dungeon)

   [ring of strength]

   Str+6:     It affects your strength (+6).
   It has a curse which improves the following skills: Fortitude: Shields.
   Introspection: Fighting and Spellcasting.
 R - an amulet of guardian spirit
   (You found it on level 9 of the Dungeon)
 S - an amulet of magic regeneration
   (You found it on level 12 of the Dungeon)
 T - the cursed ring "At What Cost Knowledge?" (on tentacle) {AC+4, Melee, Fort}
   (You found it on level 12 of the Dungeon)

   [ring of protection]

   AC+4:      It affects your AC (+4).
   It has a curse which improves the following skills: Melee Combat: Short
   Blades, Long Blades, Axes, Maces & Flails, Polearms, Staves and Unarmed
   Combat.
   Fortitude: Shields.
Talismans
 b - a beast talisman
 c - a flux talisman
 z - a serpent talisman
   (You found it on level 5 of the Dungeon)
 O - a maw talisman
   (You found it on level 8 of the Dungeon)
 Y - a dragon-blood talisman (active)
   (You found it on level 15 of the Dungeon)
Wands
 e - a wand of polymorph (14)
   (You took it off Sigmund on level 2 of the Dungeon)
 v - a wand of mindburst (58)
   (You found it on level 5 of the Dungeon)
 F - a wand of charming (26)
   (You found it on level 6 of the Dungeon)
 J - a wand of quicksilver (7)
   (You took it off a kobold on level 7 of the Dungeon)
 P - a wand of flame (35)
   (You found it on level 9 of the Dungeon)
 Z - a wand of roots (7)
   (You took it off Nessos on level 14 of the Dungeon)
Scrolls
 k - 2 scrolls of blinking
 l - 5 scrolls of enchant weapon
 m - 4 scrolls of immolation
 n - 3 scrolls of fear
 o - 2 scrolls of revelation
 q - 3 scrolls of teleportation
 t - 3 scrolls of poison
 u - 3 scrolls of amnesia
 w - a scroll of silence
 D - 5 scrolls of fog
 E - 3 scrolls of brand weapon
 H - 3 scrolls of vulnerability
 L - 5 scrolls of enchant armour
 U - a scroll of torment
 W - 2 scrolls of butterflies
Potions
 a - 2 potions of lignification
 d - 8 potions of haste
 g - 3 potions of resistance
 h - 5 potions of curing
 j - 5 potions of heal wounds
 p - 2 potions of brilliance
 r - a potion of enlightenment
 C - 3 potions of mutation
 G - 3 potions of berserk rage
 I - 2 potions of invisibility
 Q - 7 potions of attraction
 V - a potion of might
 X - a potion of magic

Dungeon Overview and Level Annotations

Branches:
Dungeon (15/15) Zot: 24213  Temple (1/1) D:6 Zot: 5972    Lair (5/5) D:11 Zot: 24819
  Swamp (0/4) Lair:3       Spider (0/4) Lair:3        Slime (0/5) Lair:5
    Orc (2/2) D:9 Zot: 9873     Elf (1/3) Orc:2 Zot: 5850  Vaults (0/5) D:14
 Depths (0/4) D:15          Sewer (visited)          Bailey (visited)

Altars:
Ashenzari
Cheibriados
Dithmenos
Elyvilon
Fedhas
Gozag
Hepliaklqana
Kikubaaqudgha
Makhleb
Nemelex Xobeh
Okawaru
Qazlal
Ru
Sif Muna
Trog
Uskayaw
Vehumet
Wu Jian
Xom
Yredelemnul
Zin
The Shining One
Jiyva
Lugonu

Shops:
D:7 *   D:9 *   Orc:1 [   Orc:2 ***

Portals:
Abyss: Lair:5

Annotations:
D:14 3 runed translucent doors, Ciezan's ghost, journeyman TrGl

[,*.###### **,,**,,*
e###e....###********,,*,***
#e#e......!,,,,,>,,,,,,,,,,
..e.,.....,*********,,,,,,,
...e.,...*** ***+++**
..#.§##)#* **∆∆,,,*
#..##.#.### *,∆{_,,,
#..###.>..##########8{∆{,,8
.......)..§eee))D)<#{{{,,,,
...e.......)########*,8∩8∩*
..§.#.....### *******
....##.###{#* **,***
#..#.##.#*#.#*** **,***,
####....{#*#.#{******,***,,
**,,.......,...,,,,,,,,,,,,
**,,.......**..,***,******,
,,,,.[....*,*,,,**,** **


You could see a deep elf archer (repels missiles), a deep elf knight (fast,
invisible, slow) and a deep elf zephyrmancer.


Message History

The deep elf annihilator barely misses you.
The deep elf zephyrmancer shouts!
You bite the deep elf annihilator!! You bite the deep elf annihilator!
You hear a shout!
Unknown command.
You closely miss the deep elf annihilator.
You tail-slap the deep elf annihilator.
You kill the deep elf annihilator!
The deep elf zephyrmancer gestures at you while chanting.
The bolt of lightning misses you.
You hear a shout! x4
Items here: )))) ††.
The deep elf zephyrmancer gestures at you while chanting.
The bolt of lightning misses you.
A deep elf knight comes into view. It is wielding a +0 short sword.
You see here a +0 long sword.
Unknown command.
A deep elf archer comes into view. It is wielding a +0 dagger of speed.
The deep elf zephyrmancer casts a spell at you.
The bolt of lightning misses you.
You hear a shout!
You see here a +0 short sword.
The deep elf zephyrmancer gestures at you while chanting.
The bolt of lightning hits you!!
The deep elf knight unwields a +0 short sword.
The deep elf knight wields a +0 shortbow.
The deep elf knight shoots an arrow.
The arrow hits you.
The deep elf archer gestures at you while chanting.
You feel yourself slow down.
You hear a shout! x2 😕 HP[-34]
You take 34 damage, and now have 141/175 hp.
The deep elf zephyrmancer casts a spell at you.
The bolt of lightning misses you.
The deep elf knight gestures wildly while chanting.
The deep elf knight flickers and vanishes for a moment.
The deep elf archer unwields a +0 dagger of speed.
The deep elf archer wields a +0 shortbow.
The deep elf archer shoots an arrow.
The arrow hits you!
You hear a shout!
You see here a +0 short sword. 😮 HP[-14]
You take 14 damage, and now have 127/175 hp.
You have got your breath back.
The deep elf knight gestures wildly while chanting.
The deep elf knight seems to speed up.
You see here a +0 long sword.
Items here: )))) ††. 😮 HP[+1]
Items here: ))))) [[[ †. 😮 HP[+1]
The deep elf archer shoots an arrow.
The arrow hits you!
A deep elf zephyrmancer comes into view.
It is wielding a +3 dagger.
The deep elf zephyrmancer gestures wildly while chanting.
The deep elf zephyrmancer blinks!
You see here a +0 short sword.
Unknown command. 😮 HP[-11]
You take 11 damage, and now have 118/175 hp.
The deep elf knight gestures at you while chanting.
The shard of ice misses you.
The deep elf archer casts a spell at you.
The deep elf knight seems to slow down.
The deep elf zephyrmancer points at you and mumbles some strange words.
The bolt of lightning misses the deep elf knight.
The bolt of lightning misses you.
The deep elf knight gestures at you while chanting.
The shard of ice hits you!!!
You feel a painful chill!
* * * LOW HITPOINT WARNING * * *
You hear a shout! x4
You see here a +1 dire flail of protection. 😨 HP[-46]
You take 46 damage, and now have 72/175 hp.
MASSIVE DAMAGE!! (PAUSE)
You are too injured to fight recklessly!
The deep elf archer points at you and mumbles some strange words.
The deep elf knight resists with almost no effort.
The deep elf zephyrmancer mumbles some strange words.
The deep elf zephyrmancer blinks!
The deep elf knight shoots an arrow.
The arrow barely misses you.
The deep elf zephyrmancer gestures at you while chanting.
The bolt of lightning hits the deep elf knight!!
The bolt of lightning misses you.
You see here a +0 short sword. 😨 HP[+1]
The deep elf knight casts a spell at you.
The shard of ice hits you!!!
You feel a painful chill!
* * * LOW HITPOINT WARNING * * *
The deep elf archer shoots an arrow.
The arrow completely misses the deep elf knight.
The arrow completely misses you.
Items here: ))))) [[[ †. 😱 HP[-45]
You take 45 damage, and now have 28/175 hp.
MASSIVE DAMAGE!! (PAUSE)
The deep elf zephyrmancer mumbles some strange words.
The deep elf zephyrmancer blinks!
The deep elf knight casts a spell at you.
The shard of ice hits you!!!
You feel a painful chill!
You die...

Skill      XL: |  1  2  3  4  5  6  7  8  9 10 11 12 13 14 15 16 |
---------------+-------------------------------------------------+-----
Stealth        | 1 2 4 6 8 11 13 14 15 | 15.2
Unarmed Combat | 4 5 6 8 10 11 12 | 12.3
Shapeshifting  | 4 5 6 7 8 9 11 13 16 | 16.1
Fighting       | 4 6 10 | 10.5
Dodging        | 5 8 11 13 15 | 15.7

Action                     |  1- 3 |  4- 6 |  7- 9 | 10-12 | 13-15 | 16-18 || total
---------------------------+-------+-------+-------+-------+-------+-------++-------
  Melee: Unarmed           |    54 |    47 |    66 |   374 |   774 |   365 ||  1680
         Constrict         |    14 |     5 |    45 |   103 |    78 |       ||   245
         Tentacles         |    10 |     4 |    47 |    25 |       |       ||    86
         Punch             |     2 |       |    15 |    11 |    46 |    22 ||    96
         Dagger            |       |       |   169 |   134 |       |       ||   303
         Tailslap          |       |       |       |       |    70 |    45 ||   115
         Bite              |       |       |       |       |    49 |    47 ||    96
   Cast: Wereblood         |       |       |       |       |       |     4 ||     4
 Invoke: Curse Item        |       |       |     2 |     3 |     3 |       ||     8
Ability: Breathe Fire      |       |       |       |       |     3 |     1 ||     4
  Evoke: Wand              |       |       |     4 |     2 |       |       ||     6
    Use: Potion            |       |     3 |     2 |     6 |       |       ||    11
         Scroll            |       |     1 |     2 |     2 |     4 |     1 ||    10
   Stab: Sleeping          |     6 |     2 |    27 |    21 |    38 |    30 ||   124
         Confused          |       |     1 |       |       |       |       ||     1
         Distracted        |       |       |     3 |     3 |    11 |       ||    17
 Armour: Skin              |    19 |    28 |   165 |   519 |   426 |   154 ||  1311
  Dodge: Dodged            |    51 |    38 |   112 |   442 |   743 |   336 ||  1722
  Block: Other             |       |       |    32 |   151 |   178 |    84 ||   445
         Reflection        |       |       |       |     7 |     7 |     1 ||    15
   Form: Anaconda          |       |       |     1 |     1 |       |       ||     2
         Beast             |       |       |     1 |       |       |       ||     1
         Dragon            |       |       |       |       |     1 |       ||     1

Levels and vault maps discovered:
D:1:      shiori_arrival_oz, layout_basic
D:2:      layout_rooms, uniq_sigmund
D:3:      layout_rooms, nicolae_overflow_ecumenical_swirl,
          shapermc_ecumenical_altar_hornbeckon, grunt_ministairs_1,
          chequers_serial_rivers_large_b, minmay_misc_feat_rows,
          minmay_fountain_box, uniq_grinder
D:4:      layout_basic, mainiacjoe_overflow_small_starburst
D:5:      layout_loops_cross
D:6:      layout_cave_pools, nicolae_uskayaw_dance_studio, temple_pool_b,
          cheibrodos_sewer_entry_drain
D:7:      layout_cave_pods, nicolae_shop_gadgets
D:8:      layout_loops_ring, gammafunk_temple_overflow_claw, minmay_lizard_king,
          uniq_maurice, uniq_pikel
D:9:      layout_gridville, nicolae_gozag_zags_fifth_avenue, xom_shifter_show,
          mainiacjoe_overflow_alcove_4, orc_0_dummy, hangedman_ranch
D:10:     layout_roguey, serial_undead, serial_undead_f, serial_undead_a,
          serial_undead_d, serial_undead_f, serial_undead_b, enter_bailey_3,
          minmay_misc_feat_more_columns, item_on_display_a
D:11:     layout_loops_cross, erik_lair_island
D:12:     layout_loops_cross, drop_trap
D:13:     layout_irregular_city, minivault_28, uniq_jorgrun
D:14:     layout_basic, david_vaults_5, maelrawn_ghost_gauntlet_escape,
          nicolae_tso_swordbearing_angel, uniq_snorg, uniq_nessos
D:15:     gammafunk_depths_entry_grave, layout_basic,
          nicolae_dithmenos_through_a_glass_darkly, elyvilon_altar_3
Temple:   nicolae_temple_ecumenical_triangle
Lair:1:   layout_regular_city, chequers_serial_rivers_micro_d,
          grunt_megastairs_1
Lair:2:   layout_cave_pods, portal_ice_cave_entry_ice_simulacra, tgw_fedhas,
          infiniplex_staircase_pool_2, uniq_maggie, uniq_amaemon
Lair:3:   layout_cellular_growth, palyth_hydra_swamp_entry, dummy_spider_entry,
          chequers_serial_rivers_small_3, grunt_megastairs_4, uniq_urug
Lair:4:   layout_layer_cave
Lair:5:   hellmonk_lair_end_abyssal_woods, layout_big_grid,
          minmay_slime_entry_jelly_boxes, chequers_serial_rivers_micro_e
Orc:1:    layout_caves, gammafunk_ghost_stat_death, serial_shops, shop,
          david_defended_altar_orc
Orc:2:    pubby_orc_utopia
Elf:1:    layout_rooms, ebering_ghost_gozag, serial_shops, shop_statue,
          hangedman_elf_disciples

Notes
Turn   | Place    | Note
-------+----------+-------------------------------------------
     0 | D:1      | ytrimaz the Octopode Shapeshifter began the quest for the
                  | Orb.
     0 | D:1      | Reached XP level 1. HP: 13/13 MP: 1/1
     0 | D:1      | magus.rc [v1.9.6]
    65 | D:1      | Reached skill level 1 in Stealth
    97 | D:1      | Reached XP level 2. HP: 18/18 MP: 2/2
   534 | D:1      | Reached skill level 2 in Stealth
   658 | D:2      | Reached XP level 3. HP: 22/23 MP: 3/3
   765 | D:2      | Reached XP level 4. HP: 15/28 MP: 4/4
   915 | D:2      | Reached skill level 3 in Stealth
  1030 | D:2      | Noticed Sigmund
  1047 | D:1      | HP: 6/28 [frilled lizard (3)]
  1269 | D:2      | Killed Sigmund
  1270 | D:2      | Reached skill level 4 in Stealth
  1270 | D:2      | Reached skill level 4 in Unarmed Combat
  1270 | D:2      | Reached skill level 4 in Shapeshifting
  1270 | D:2      | Reached XP level 5. HP: 33/33 MP: 5/5
  1270 | D:2      | Reached XP level 6. HP: 38/38 MP: 6/6
  1409 | D:3      | Noticed an ice beast
  1548 | D:3      | Noticed Grinder
  1548 | D:3      | Paralysed by Grinder for 3 turns
  1559 | D:3      | Paralysed by Grinder for 5 turns
  1564 | D:3      | Killed Grinder
  1565 | D:3      | Reached skill level 5 in Shapeshifting
  1565 | D:3      | Reached XP level 7. HP: 43/43 MP: 7/7
  1678 | D:3      | Reached skill level 5 in Stealth
  1940 | D:3      | Found a faded altar of an unknown god.
  1994 | D:3      | Found a faded altar of an unknown god.
  2141 | D:3      | Found an iron altar of Okawaru.
  2348 | D:4      | You pick up a book of Blood and begin reading...
  2348 | D:4      | You add the spells Sublimation of Blood, Wereblood and
                  | Summon Hydra to your library.
  2357 | D:4      | Found a hazy altar of Hepliaklqana.
  2679 | D:4      | Reached skill level 5 in Unarmed Combat
  2792 | D:4      | Identified the +10 dagger of Fear {drain, rPois Stlth+}
  2823 | D:5      | Entered Level 5 of the Dungeon
  2853 | D:5      | Reached skill level 6 in Stealth
  2853 | D:5      | Reached skill level 6 in Shapeshifting
  2855 | D:5      | HP: 16/64 [black bear (2)]
  2857 | D:5      | Reached XP level 8. HP: 18/48 MP: 8/8
  3013 | D:5      | Reached skill level 7 in Stealth
  3110 | D:5      | Reached skill level 6 in Unarmed Combat
  3692 | D:6      | Reached skill level 8 in Stealth
  3697 | D:6      | Reached skill level 7 in Shapeshifting
  3764 | D:6      | Reached XP level 9. HP: 53/53 MP: 9/9
  3770 | D:6      | Found a glowing drain.
  3790 | Sewer    | Entered a sewer
  3887 | Sewer    | Reached skill level 9 in Stealth
  3991 | Sewer    | Reached skill level 7 in Unarmed Combat
  4391 | D:6      | Found a staircase to the Ecumenical Temple.
  4401 | Temple   | Entered the Ecumenical Temple
  4415 | Temple   | Became a worshipper of Ashenzari the Shackled
  4485 | D:6      | Found a hide-covered altar of Uskayaw.
  4951 | D:7      | Reached skill level 10 in Stealth
  4989 | D:7      | Reached skill level 8 in Unarmed Combat
  5378 | D:7      | Found Cysiweti's Gadget Gallery.
  5382 | D:7      | Identified the +3 rapier "Ruzunn" {flame, Str+2}
  5812 | D:8      | Noticed Maurice
  5816 | D:8      | Something stole a ring of fire
  5817 | D:8      | Killed Maurice
  5818 | D:8      | Reached skill level 11 in Stealth
  5850 | D:8      | Reached * piety under Ashenzari
  5857 | D:8      | Reached XP level 10. HP: 58/58 MP: 10/10
  5940 | D:8      | You pick up a book of Power and begin reading...
  5940 | D:8      | You add the spells Iskenderun's Battlesphere, Bombard and
                  | Spellforged Servitor to your library.
  6061 | D:8      | Reached skill level 9 in Unarmed Combat
  6267 | D:8      | Noticed Pikel
  6282 | D:8      | Killed Pikel
  6283 | D:8      | Reached skill level 10 in Unarmed Combat
  6604 | D:8      | Found a stormy altar of Qazlal.
  6604 | D:8      | Found a shimmering blue altar of Sif Muna.
  6605 | D:8      | Found a radiant altar of Vehumet.
  6638 | D:8      | Reached skill level 2 in Fighting
  6709 | D:8      | You pick up a book of Sloth and begin reading...
  6709 | D:8      | You add the spells Frozen Ramparts, Petrify and Metabolic
                  | Englaciation to your library.
  6797 | D:9      | Reached skill level 12 in Stealth
  6939 | D:9      | Found an opulent altar of Gozag.
  6963 | D:9      | Found a staircase to the Orcish Mines.
  7030 | D:9      | Reached skill level 3 in Fighting
  7032 | D:9      | Reached skill level 8 in Shapeshifting
  7056 | D:9      | You pick up a book of Weapons and begin reading...
  7056 | D:9      | You add the spells Tukima's Dance, Dimensional Bullseye and
                  | Iskenderun's Mystic Blast to your library.
  7127 | D:9      | Found a burning altar of Makhleb.
  7290 | D:9      | HP: 12/63 [yak (9)]
  7296 | D:9      | Reached skill level 4 in Fighting
  7301 | D:9      | HP: 11/64 [yak (10)]
  7306 | D:9      | Reached skill level 13 in Stealth
  7306 | D:9      | Reached XP level 11. HP: 35/70 MP: 11/11
  7308 | D:9      | HP: 8/70 [yak (13)]
  7531 | D:9      | HP: 11/70 [ice devil[a kobold demonologist] (9)]
  7683 | D:9      | Found Gozag's Platinum Reserve.
  7780 | D:9      | Noticed a three-headed hydra
  7791 | D:9      | HP: 19/79 [three-headed hydra (8)]
  7792 | D:9      | Killed a three-headed hydra
  7793 | D:9      | Reached skill level 5 in Fighting
  8020 | D:9      | Found a shimmering altar of Xom.
  8020 | D:9      | Found a shimmering altar of Xom.
  8021 | D:9      | Found a shimmering altar of Xom.
  8021 | D:9      | Found a shimmering altar of Xom.
  8021 | D:9      | Found a shimmering altar of Xom.
  8021 | D:9      | Found a shimmering altar of Xom.
  8022 | D:9      | Found a shimmering altar of Xom.
  8028 | D:9      | Found a shimmering altar of Xom.
  8029 | D:9      | Found a shimmering altar of Xom.
  8224 | D:10     | Entered Level 10 of the Dungeon
  8230 | D:10     | Reached skill level 3 in Dodging
  8242 | D:9      | Reached skill level 9 in Shapeshifting
  8609 | D:10     | Reached skill level 14 in Stealth
  8629 | D:10     | Reached skill level 6 in Fighting
  8629 | D:10     | Reached skill level 4 in Dodging
  8660 | D:10     | Found a flagged portal.
  8672 | Bailey   | Entered a bailey
  8710 | Bailey   | Found a large runed translucent door.
  8710 | Bailey   | Found a large runed translucent door.
  8747 | Bailey   | magus.rc [v1.9.6]
  8811 | Bailey   | Noticed an orc knight
  8812 | Bailey   | Noticed a deep elf pyromancer
  8838 | Bailey   | Killed an orc knight
  9048 | Bailey   | Identified the +11 broad axe of Miylavi {heavy, rCorr Int+7
                  | Dex-2 SInv}
  9048 | Bailey   | Identified the +1 plate armour of Light {MP+9 Dex+4}
  9048 | Bailey   | Found the +5 Storm Queen's Shield {shock, Fly rElec}
  9133 | Bailey   | Killed a deep elf pyromancer
  9370 | D:10     | Reached skill level 5 in Dodging
  9495 | D:10     | Reached XP level 12. HP: 66/82 MP: 12/12
  9496 | D:10     | Reached skill level 7 in Fighting
  9524 | D:10     | Reached skill level 15 in Stealth
 10034 | D:11     | Found a staircase to the Lair.
 10187 | D:10     | Reached skill level 6 in Dodging
 10680 | D:11     | Reached skill level 8 in Fighting
 10837 | D:11     | Reached ** piety under Ashenzari
 11061 | D:12     | Noticed a two-headed ogre
 11070 | D:12     | Killed a two-headed ogre
 11071 | D:12     | Reached skill level 7 in Dodging
 11323 | D:12     | You pick up a book of Decay and begin reading...
 11323 | D:12     | You add the spells Cigotuvi's Dreadful Rot, Dispel Undead
                  | and Death Channel to your library.
 11480 | D:12     | Identified the +1 glaive "Imp's Death Toll" {drain, rF+ rC+
                  | Int-5 Dex+4}
 11527 | D:12     | Noticed a boulder beetle
 11545 | D:12     | Killed a boulder beetle
 11546 | D:12     | Reached skill level 9 in Fighting
 11830 | D:12     | Reached skill level 8 in Dodging
 12242 | D:13     | Noticed a centaur warrior
 12245 | D:13     | Noticed a four-headed hydra
 12259 | D:13     | Killed a centaur warrior
 12266 | D:13     | Killed a four-headed hydra
 12267 | D:13     | Reached skill level 10 in Fighting
 12267 | D:13     | Reached XP level 13. HP: 57/95 MP: 13/13
 12285 | D:13     | Reached skill level 9 in Dodging
 12612 | D:13     | Reached *** piety under Ashenzari
 13033 | D:13     | Reached skill level 10 in Dodging
 13332 | D:13     | Noticed Jorgrun
 13346 | D:13     | Killed Jorgrun
 13586 | D:14     | Noticed a minotaur
 13599 | D:14     | Noticed Ciezan's ghost (journeyman TrGl)
 13611 | D:14     | You pick up a book of Minor Magic and begin reading...
 13611 | D:14     | You add the spells Magic Dart, Call Imp and Mephitic Cloud
                  | to your library.
 13823 | D:14     | Reached skill level 11 in Unarmed Combat
 13837 | D:14     | Reached skill level 11 in Dodging
 14021 | D:14     | You fall into a shaft and drop 1 floor!
 14021 | D:15     | Entered Level 15 of the Dungeon
 14021 | D:15     | Found a shadowy altar of Dithmenos.
 14060 | D:15     | Found a staircase to the Depths.
 14087 | D:15     | HP: 21/116 [storm dragon skeleton (13)]
 14481 | D:15     | Found a white marble altar of Elyvilon.
 14858 | D:15     | Reached XP level 14. HP: 103/103 MP: 14/14
 14867 | D:15     | Reached skill level 10 in Shapeshifting
 15135 | D:14     | Reached **** piety under Ashenzari
 15144 | D:14     | Noticed Nessos
 15156 | D:14     | Killed Nessos
 15332 | D:14     | Identified the +2 chain mail of Reason {rN+}
 15366 | D:14     | Reached skill level 12 in Dodging
 15366 | D:14     | Reached skill level 12 in Unarmed Combat
 15519 | D:14     | Found a runed translucent gate.
 15522 | D:14     | Found a runed translucent gate.
 15522 | D:14     | Found a runed translucent gate.
 15789 | D:14     | Noticed Snorg
 15798 | D:14     | Killed Snorg
 15849 | D:14     | Found a gate to the Vaults.
 16331 | D:14     | Found a glowing golden altar of the Shining One.
 16778 | Lair:1   | Entered Level 1 of the Lair of Beasts
 16929 | Lair:1   | Reached skill level 11 in Shapeshifting
 17540 | IceCv    | Identified the "Yddeth"
 17758 | Lair:2   | Identified the orb of Incorporation {*Rage, Str+2 SInv}
 17776 | Lair:2   | Reached skill level 13 in Dodging
 18138 | Lair:2   | Noticed Maggie
 18140 | Lair:2   | Found a frozen archway.
 18148 | Lair:2   | Killed Maggie
 18554 | Lair:2   | Noticed Amaemon
 18561 | Lair:2   | Killed Amaemon
 18740 | Lair:2   | Found a blossoming altar of Fedhas.
 18791 | Lair:2   | Reached XP level 15. HP: 111/111 MP: 15/15
 19016 | Lair:3   | Noticed Urug
 19024 | Lair:3   | Killed Urug
 19122 | Lair:3   | Found a hole to the Spider Nest.
 19126 | Lair:3   | Reached skill level 12 in Shapeshifting
 19609 | Lair:3   | Found a staircase to the Swamp.
 19614 | Lair:3   | Reached skill level 14 in Dodging
 19840 | Lair:4   | Identified the "Qoabbic"
 19869 | Lair:4   | You pick up a book of Death and begin reading...
 19869 | Lair:4   | You add the spells Animate Dead, Haunt and Infestation to
                  | your library.
 19885 | Lair:4   | You add the spells Vhi's Electric Charge, Arcjolt and
                  | Maxwell's Capacitive Coupling to your library.
 20032 | Lair:4   | You add the spells Shock, Freezing Cloud, Conjure Ball
                  | Lightning and Lehudib's Crystal Spear to your library.
 20492 | Lair:5   | Entered Level 5 of the Lair of Beasts
 20494 | Lair:5   | Found a staircase to the Slime Pits.
 20494 | Lair:5   | Found a viscous altar of Jiyva.
 20811 | Lair:5   | Reached skill level 13 in Shapeshifting
 21137 | Lair:5   | Identified the staff "Killer Bee's Peril" {rElec rPois rC++
                  | Str-3 Conj}
 21150 | Lair:5   | Reached skill level 15 in Dodging
 21350 | Lair:5   | Found a corrupted altar of Lugonu.
 21350 | Lair:5   | Found a one-way gate to the infinite horrors of the Abyss.
 21350 | Lair:5   | Identified the +4 dagger "Tyvingasuy" {heavy, +Blink Dex+3}
 21639 | Lair:5   | Reached XP level 16. HP: 117/117 MP: 16/16
 22145 | Orc:1    | Entered Level 1 of the Orcish Mines
 22145 | Orc:1    | Found Gaynupn's Antique Armour Shoppe.
 22363 | Orc:2    | Entered Level 2 of the Orcish Mines
 22416 | Orc:2    | Reached skill level 14 in Shapeshifting
 22652 | Orc:2    | Found a staircase to the Elven Halls.
 22706 | Orc:2    | Paralysed by an orc sorcerer for 4 turns
 22993 | Orc:2    | Learned a level 2 spell: Wereblood
 23442 | Orc:2    | Found Jaulozxerr's General Store.
 23449 | Orc:2    | Reached skill level 15 in Shapeshifting
 23450 | Orc:2    | Bought a potion of haste for 140 gold pieces
 23450 | Orc:2    | Bought a potion of curing for 42 gold pieces
 23450 | Orc:2    | Bought a scroll of teleportation for 42 gold pieces
 23456 | Orc:2    | Found Fedipsit's Weapon Shop.
 23549 | Orc:2    | Found Yhada's Assorted Antiques.
 23806 | Orc:2    | Found Wurumudu's Assorted Antiques.
 24066 | Swamp:3  | Identified the "Urrasom"
 24066 | Elf:1    | Identified the "Omyibaelit"
 24066 | Elf:1    | Entered Level 1 of the Elven Halls
 24094 | Elf:1    | Paralysed by an air elemental for 1 turns
 24102 | Elf:1    | Paralysed by an air elemental for 1 turns
 24419 | Elf:1    | Reached skill level 16 in Shapeshifting
 24480 | Elf:1    | HP: 28/175 [deep elf knight/shard of ice (46)]
 24481 | Elf:1    | Killed from afar by a deep elf knight

Vanquished Creatures
  Jorgrun (D:13)
  4 orc warlords (Orc:2)
  Nessos (D:14)
  2 deep elf annihilators (Elf:1)
  Snorg (D:14)
  A vault guard (D:14)
  7 hydras
  2 ogre magi
  3 boulder beetles
  4 centaur warriors
  7 two-headed ogres
  2 dancing weapons
  3 death yaks (Lair:5)
  A tengu warrior (D:13)
  3 thrashing horrors (Lair:5)
  Urug (Lair:3)
  5 orc high priests (Orc:2)
  Amaemon (Lair:2)
  5 skeletal warriors
  3 deep elf knights
  3 skysharks (Lair:3)
  A storm dragon skeleton (D:15)
  A deep elf archer (Elf:1)
  Pikel (D:8)
  5 orc knights
  6 deep elf zephyrmancers (Elf:1)
  A lindwurm (Lair:4)
  9 orc sorcerers
  5 manticores
  13 ugly things
  10 deep elf pyromancers
  An oklob plant (Lair:2)
  A large abomination (Lair:5)
  A moth of wrath (shapeshifter) (Lair:5)
  A salamander (shapeshifter) (D:13)
  3 cyclopes
  4 black mambas
  12 elephants
  Maurice (D:8)
  7 centaur zombies (D:10)
  4 slime creatures (D:14)
  A molten gargoyle (D:14)
  3 torpor snails
  A gargoyle (D:12)
  An orange demon (Lair:2)
  3 smoke demons (Lair:5)
  3 rime drakes
  9 cane toads
  Maggie (Lair:2)
  An efreet (D:15)
  A kobold demonologist (D:9)
  2 tengu conjurers (D:13)
  17 komodo dragons
  4 trolls
  A tyrant leech (Lair:3)
  4 polar bears
  14 blink frogs (Lair:5)
  A glass eye (shapeshifter) (Lair:5)
  Grinder (D:3)
  6 dream sheep
  4 raiju (Lair:5)
  2 meliai zombies (D:10)
  Sigmund (D:2)
  5 vampires
  3 wraiths (D:10)
  A culicivora (D:14)
  6 shadows
  An air elemental (Elf:1)
  5 wyverns
  58 yaks
  15 basilisks
  2 chaos spawn (Lair:5)
  8 redbacks
  A steam dragon (D:10)
  6 vampire mosquitoes
  8 wargs
  3 swamp worms (Lair:3)
  An acid dragon (D:11)
  9 water moccasins
  45 orc warriors
  4 ice beasts
  4 black bears
  12 wolves
  13 ogres
  19 centaurs
  A phantom (D:5)
  A lemure (D:8)
  6 bullfrogs
  11 kobold brigands
  2 gnoll sergeants
  A scorpion (D:6)
  2 cane toad simulacra (Lair:2)
  8 wights (D:8)
  7 killer bees
  4 electric eels (D:11)
  9 howler monkeys
  16 jellies
  8 hounds
  23 orc priests
  A gnoll bouda (Orc:2)
  6 iguanas
  A sleepcap (D:5)
  21 orc wizards
  11 hell rats (Lair:5)
  A wolf simulacrum (Lair:2)
  12 small abominations (Lair:5)
  13 gnolls
  14 adders
  A river rat (Sewer)
  A white imp (D:7)
  4 ufetubi (D:7)
  3 worms
  3 dart slugs
  97 orcs
  7 ball pythons
  2 bats
  8 endoplasms
  6 giant cockroaches
  8 goblins
  10 hobgoblins
  5 jackals
  3 quokkas
  6 frilled lizards
  23 kobolds
  9 rats
832 creatures vanquished.

Vanquished Creatures (others)
  An unseen horror (D:11)
  A boggart (D:13)
  A kobold (D:7)
3 creatures vanquished.

Grand Total: 835 creatures vanquished

Table legend:
 A = Non-vault XP
 B = Vault XP
 C = Vault XP percentage of total XP
 D = Non-vault monster count
 E = Vault monster count
 F = Vault count percentage of total count
                 A         B        C        D         E       F
            +---------+---------+-------+---------+---------+-------
      Total |   98346 |   71995 |  42.3 |     475 |     358 |  43.0
            +---------+---------+-------+---------+---------+-------
        D:1 |      31 |       1 |   3.1 |      19 |       1 |   5.0
        D:2 |      90 |     230 |  71.9 |      17 |       3 |  15.0
        D:3 |     163 |     263 |  61.7 |      10 |       2 |  16.7
        D:4 |     226 |       0 |   0.0 |      23 |       0 |   0.0
        D:5 |     921 |       0 |   0.0 |      20 |       0 |   0.0
        D:6 |     981 |     115 |  10.5 |      14 |       8 |  36.4
        D:7 |     880 |       0 |   0.0 |      27 |       0 |   0.0
        D:8 |     929 |    1606 |  63.4 |      19 |      10 |  34.5
        D:9 |    3273 |    2363 |  41.9 |      33 |       9 |  21.4
       D:10 |    1837 |    5732 |  75.7 |      12 |      31 |  72.1
       D:11 |    1905 |       0 |   0.0 |      15 |       0 |   0.0
       D:12 |    6891 |       0 |   0.0 |      32 |       0 |   0.0
       D:13 |    7167 |    6942 |  49.2 |      22 |      12 |  35.3
       D:14 |   10920 |    3648 |  25.0 |      27 |       5 |  15.6
       D:15 |    9785 |    1518 |  13.4 |      22 |       2 |   8.3
     Lair:1 |    6312 |    1200 |  16.0 |      22 |       4 |  15.4
     Lair:2 |    6659 |    2285 |  25.5 |      17 |       7 |  29.2
     Lair:3 |    6403 |    4298 |  40.2 |      20 |      10 |  33.3
     Lair:4 |    6628 |     124 |   1.8 |      25 |       3 |  10.7
     Lair:5 |   14538 |   12737 |  46.7 |      59 |      55 |  48.2
      Orc:1 |    1876 |       0 |   0.0 |       4 |       0 |   0.0
      Orc:2 |    1585 |   25598 |  94.2 |       2 |     163 |  98.8
      Elf:1 |    8346 |    1262 |  13.1 |      14 |       2 |  12.5
      Sewer |       0 |     210 | 100.0 |       0 |      18 | 100.0
     Bailey |       0 |    1863 | 100.0 |       0 |      13 | 100.0
            +---------+---------+-------+---------+---------+-------

Skill      XL: |  1  2  3  4  5  6  7  8  9 10 11 12 13 14 15 16 |
---------------+-------------------------------------------------+-----
Stealth        | 1 2 4 6 8 11 13 14 15 | 15.2
Unarmed Combat | 4 5 6 8 10 11 12 | 12.3
Shapeshifting  | 4 5 6 7 8 9 11 13 16 | 16.1
Fighting       | 4 6 10 | 10.5
Dodging        | 5 8 11 13 15 | 15.7

Action                     |  1- 3 |  4- 6 |  7- 9 | 10-12 | 13-15 | 16-18 || total
---------------------------+-------+-------+-------+-------+-------+-------++-------
  Melee: Unarmed           |    54 |    47 |    66 |   374 |   774 |   365 ||  1680
         Constrict         |    14 |     5 |    45 |   103 |    78 |       ||   245
         Tentacles         |    10 |     4 |    47 |    25 |       |       ||    86
         Punch             |     2 |       |    15 |    11 |    46 |    22 ||    96
         Dagger            |       |       |   169 |   134 |       |       ||   303
         Tailslap          |       |       |       |       |    70 |    45 ||   115
         Bite              |       |       |       |       |    49 |    47 ||    96
   Cast: Wereblood         |       |       |       |       |       |     4 ||     4
 Invoke: Curse Item        |       |       |     2 |     3 |     3 |       ||     8
Ability: Breathe Fire      |       |       |       |       |     3 |     1 ||     4
  Evoke: Wand              |       |       |     4 |     2 |       |       ||     6
    Use: Potion            |       |     3 |     2 |     6 |       |       ||    11
         Scroll            |       |     1 |     2 |     2 |     4 |     1 ||    10
   Stab: Sleeping          |     6 |     2 |    27 |    21 |    38 |    30 ||   124
         Confused          |       |     1 |       |       |       |       ||     1
         Distracted        |       |       |     3 |     3 |    11 |       ||    17
 Armour: Skin              |    19 |    28 |   165 |   519 |   426 |   154 ||  1311
  Dodge: Dodged            |    51 |    38 |   112 |   442 |   743 |   336 ||  1722
  Block: Other             |       |       |    32 |   151 |   178 |    84 ||   445
         Reflection        |       |       |       |     7 |     7 |     1 ||    15
   Form: Anaconda          |       |       |     1 |     1 |       |       ||     2
         Beast             |       |       |     1 |       |       |       ||     1
         Dragon            |       |       |       |       |     1 |       ||     1

Illustrated notes

Table legend:
 A = Kills in this place as a percentage of kills in the entire game.
 B = Kills by you in this place as a percentage of kills by you in the entire game.
 C = Kills by friends in this place as a percentage of kills by friends in the entire game.
 D = Other kills in this place as a percentage of other kills in the entire game.
 E = Experience gained in this place as a percentage of experience gained in the entire game.
 F = Experience gained in this place divided by the number of levels of this place that you have seen.
                   A       B       C       D       E      F
               +-------+-------+-------+-------+-------+----------------------
         Total | 100.0 | 100.0 |   N/A | 100.0 | 100.0 | 6551.6
       Dungeon |  47.4 |  47.3 |   N/A | 100.0 |  40.2 | 4561.1
          Lair |  26.7 |  26.7 |   N/A |   0.0 |  35.9 | 12236.8
  Orcish Mines |  20.3 |  20.3 |   N/A |   0.0 |  17.1 | 14529.5
   Elven Halls |   1.9 |   1.9 |   N/A |   0.0 |   5.6 | 9608.0
         Sewer |   2.2 |   2.2 |   N/A |   0.0 |   0.1 | 210.0
        Bailey |   1.6 |   1.6 |   N/A |   0.0 |   1.1 | 1863.0
               +-------+-------+-------+-------+-------+----------------------

Table legend: (Time is in decaauts)
 A = Elapsed time spent in this place.
 B = Non-inter-level travel time spent in this place.
 C = Inter-level travel time spent in this place.
 D = Time resting spent in this place.
 E = Time spent auto-exploring this place.
 F = Levels seen in this place.
 G = Mean time per level.
                   A        B        C        D        E       F      G
               +--------+--------+--------+--------+--------+-----+--------+
         Total |  24137 |  23311 |    826 |   2039 |  16532 |  26 |  928.3 |
       Dungeon |  15586 |  15088 |    498 |   1203 |  11154 |  15 | 1039.1 |
        Temple |     27 |     15 |     12 |      0 |      0 |   1 |   27.0 |
          Lair |   5180 |   4953 |    227 |    310 |   3576 |   5 | 1036.0 |
  Orcish Mines |   2126 |   2038 |     88 |    269 |   1271 |   2 | 1063.0 |
   Elven Halls |    148 |    148 |      0 |      7 |      0 |   1 |  148.0 |
         Sewer |    508 |    508 |      0 |      0 |    384 |   1 |  508.0 |
        Bailey |    559 |    559 |      0 |    250 |    147 |   1 |  559.0 |
               +--------+--------+--------+--------+--------+-----+--------+

Top non-repeatable levels by time:
    D:14: 2014 daAuts
   Orc:2: 1909 daAuts
     D:9: 1599 daAuts
    D:10: 1364 daAuts
  Lair:5: 1264 daAuts
    D:15: 1247 daAuts
    D:13: 1210 daAuts
    D:12: 1181 daAuts
  Lair:2: 1149 daAuts
     D:7: 993 daAuts
     D:8: 987 daAuts
  Lair:3: 970 daAuts
  Lair:1: 953 daAuts
     D:5: 860 daAuts
     D:1: 844 daAuts
